TOP OF THE 1ST |
---|
Texas Tech Red Raiders batting - Pitching for Kansas State Wildcats : RHP Lou Hawkins | Pitching: RHP Lou Hawkins | | Batting: LHB Marshall Dunn | 0-0: Ball 1-0: Ball 2-0: Foul Ball, location: 2F 2-1: Foul Ball, location: 2F 2-2: Strikes out looking | Batting: RHB Aaron Adams | 0-0: SINGLE (Groundball, 56D) | Batting: LHB Kevin Hatcher | 0-0: Called Strike 0-1: Called Strike 0-2: Strikes out looking | Batting: RHB Wayne Hanson | 0-0: Called Strike 0-1: Foul Ball, location: 2F 0-2: Ball 1-2: Foul Ball, location: 2F 1-2: Ball 2-2: Strikes out swinging | Top of the 1st over - 0 runs, 1 hit, 0 errors, 1 left on base; Texas Tech 0 - Kansas State 0 | BOTTOM OF THE 1ST |
---|
Kansas State Wildcats batting - Pitching for Texas Tech Red Raiders : RHP Mike Ritter | Pitching: RHP Mike Ritter | | Batting: RHB Don Prince | 0-0: Foul Ball, location: 2F 0-1: Swinging Strike 0-2: Ball 1-2: Ball 2-2: SINGLE (Line Drive, 9S) | Batting: RHB Jody Stewart | 0-0: Foul Ball, location: 2F 0-1: Ball 1-1: Grounds into double play, 1-4-3 (Groundball, 15) | Batting: RHB Fred Smith | 0-0: Swinging Strike 0-1: Fly out, F4 (Popup, 4M) | Bottom of the 1st over - 0 runs, 1 hit, 0 errors, 0 left on base; Texas Tech 0 - Kansas State 0 | TOP OF THE 2ND |
---|
Texas Tech Red Raiders batting - Pitching for Kansas State Wildcats : RHP Lou Hawkins | Batting: SHB Lee Oliver | 0-0: SOLO HOME RUN (Line Drive, 9LD), Distance : 334 ft | Batting: RHB Lorenzo Hernández | 0-0: Swinging Strike 0-1: Called Strike 0-2: Strikes out swinging | Batting: SHB Manuel Hernández | 0-0: Ball 1-0: Swinging Strike 1-1: Hit by Pitch | Batting: RHB Bobby Santiago | 0-0: Ball 1-0: Ball 2-0: Called Strike 2-1: SINGLE (Groundball, 34) (infield hit) Manuel Hernández to second | Batting: RHB Júlio Gómez | 0-0: Foul Ball, location: 2F 0-1: Ball 1-1: Called Strike 1-2: 3-RUN HOME RUN (Flyball, 7D), Distance : 365 ft | Batting: LHB Marshall Dunn | 0-0: Ground out 1-3 (Groundball, 15S) | Batting: RHB Aaron Adams | 0-0: Ball 1-0: Foul Ball, location: 2F 1-1: Ball 2-1: Ground out 4-3 (Groundball, 34) | Top of the 2nd over - 4 runs, 3 hits, 0 errors, 0 left on base; Texas Tech 4 - Kansas State 0 | BOTTOM OF THE 2ND |
---|
Kansas State Wildcats batting - Pitching for Texas Tech Red Raiders : RHP Mike Ritter | Batting: RHB Jeff Moore | 0-0: Ball 1-0: Swinging Strike 1-1: Called Strike 1-2: Ball 2-2: Ball 3-2: Ground out 4-3 (Groundball, 34) | Batting: SHB Larry Edwards | 0-0: Ball 1-0: Foul Ball, location: 2F 1-1: Swinging Strike 1-2: Ball 2-2: SINGLE (Flyball, 89S) | Batting: RHB James Venables | 0-0: Foul Ball, location: 2F 0-1: Ball 1-1: Ball 2-1: Foul Ball, location: 2F 2-2: Ground out 5-3 (Groundball, 56S) Larry Edwards to second | Batting: LHB Tom Edwards | 0-0: Called Strike 0-1: Called Strike 0-2: Foul Ball, location: 2F 0-2: Foul Ball, location: 2F 0-2: Ball 1-2: Strikes out swinging | Bottom of the 2nd over - 0 runs, 1 hit, 0 errors, 1 left on base; Texas Tech 4 - Kansas State 0 | TOP OF THE 3RD |
---|
Texas Tech Red Raiders batting - Pitching for Kansas State Wildcats : RHP Lou Hawkins | Batting: LHB Kevin Hatcher | 0-0: Called Strike 0-1: Ball 1-1: Ball 2-1: Ball 3-1: Base on Balls | Batting: RHB Wayne Hanson | 0-0: SINGLE (Flyball, 7LM) Kevin Hatcher to second | Batting: SHB Lee Oliver | 0-0: Ball 1-0: Fielders Choice at 2nd, 3-6 (Groundball, 3) Kevin Hatcher to third | Batting: RHB Lorenzo Hernández | 0-0: Grounds into double play, 4-6-3 (Groundball, 4M) | Top of the 3rd over - 0 runs, 1 hit, 0 errors, 1 left on base; Texas Tech 4 - Kansas State 0 | BOTTOM OF THE 3RD |
---|
Kansas State Wildcats batting - Pitching for Texas Tech Red Raiders : RHP Mike Ritter | Batting: RHB Steve Davenport | 0-0: Fly out, F3 (Popup, 34) | Batting: RHB Mario Ramírez | 0-0: Ball 1-0: Ball 2-0: Called Strike 2-1: Ball 3-1: Base on Balls | Batting: RHB Don Prince | 0-0: Ball 1-0: Foul Ball, location: 2F 1-1: Ball 2-1: Ball 3-1: Base on Balls Mario Ramírez to second | Batting: RHB Jody Stewart | 0-0: Ball 1-0: Ball 2-0: Ball 3-0: Base on Balls Mario Ramírez to third Don Prince to second | Batting: RHB Fred Smith | 0-0: Fly out, F8 (Line Drive, 78M) Runner from 3rd tags up, SCORES, no throw | Batting: RHB Jeff Moore | 0-0: Called Strike 0-1: Foul Ball, location: 2F 0-2: Foul Ball, location: 2F 0-2: Ball 1-2: Ball 2-2: Foul Ball, location: 2F 2-2: Foul Ball, location: 2F 2-2: Fly out, F9 (Flyball, 9LM) | Bottom of the 3rd over - 1 run, 0 hits, 0 errors, 2 left on base; Texas Tech 4 - Kansas State 1 | TOP OF THE 4TH |
---|
Texas Tech Red Raiders batting - Pitching for Kansas State Wildcats : RHP Lou Hawkins | Batting: SHB Manuel Hernández | 0-0: Called Strike 0-1: Swinging Strike 0-2: Strikes out swinging | Batting: RHB Bobby Santiago | 0-0: SINGLE (Groundball, 56D) | Batting: RHB Júlio Gómez | 0-0: Ball 1-0: Called Strike 1-1: SINGLE (Line Drive, 78M) Bobby Santiago to second | Batting: LHB Marshall Dunn | 0-0: Ball 1-0: Fly out, F8 (Flyball, 8LM) | Batting: RHB Aaron Adams | 0-0: Ball 1-0: Called Strike 1-1: SINGLE (Flyball, 9LS) Bobby Santiago to third Júlio Gómez to second Runner from 3rd tries for Home, SAFE, throw made home | Batting: LHB Kevin Hatcher | 0-0: Foul Ball, location: 2F 0-1: Ball Wild Pitch! Júlio Gómez to third Aaron Adams to second 1-1: Foul Ball, location: 2F 1-2: Ball 2-2: TRIPLE (Line Drive, 89XD) Júlio Gómez scores Aaron Adams scores | Pitching: RHP Roberto Colón | | Batting: RHB Wayne Hanson | 0-0: Ball 1-0: Ball 2-0: Foul Ball, location: 2F 2-1: Ball 3-1: Foul Ball, location: 2F 3-2: SINGLE (Groundball, 56D) Kevin Hatcher scores | Batting: SHB Lee Oliver | 0-0: Ball Wayne Hanson steals 2nd base 1-0: Called Strike 1-1: Fly out, F9 (Flyball, 89D) | Top of the 4th over - 4 runs, 5 hits, 0 errors, 1 left on base; Texas Tech 8 - Kansas State 1 | BOTTOM OF THE 4TH |
---|
Kansas State Wildcats batting - Pitching for Texas Tech Red Raiders : RHP Mike Ritter | Batting: SHB Larry Edwards | 0-0: Ball 1-0: SOLO HOME RUN (Flyball, 78XD), Distance : 387 ft | Batting: RHB James Venables | 0-0: Ball 1-0: Ball 2-0: Ball 3-0: Called Strike 3-1: Foul Ball, location: 2F 3-2: Foul Ball, location: 2F 3-2: Strikes out swinging | Batting: LHB Tom Edwards | 0-0: Called Strike 0-1: SINGLE (Groundball, 6MD) | Batting: RHB Steve Davenport | 0-0: Ground out 5-3 (Groundball, 56S) Tom Edwards to second | Batting: RHB Mario Ramírez | 0-0: Ground out 5-3 (Groundball, 56) | Bottom of the 4th over - 1 run, 2 hits, 0 errors, 1 left on base; Texas Tech 8 - Kansas State 2 | TOP OF THE 5TH |
---|
Texas Tech Red Raiders batting - Pitching for Kansas State Wildcats : RHP Roberto Colón | Batting: RHB Lorenzo Hernández | 0-0: Foul Ball, location: 2F 0-1: Ball 1-1: Called Strike 1-2: Ball 2-2: Fly out, F6 (Line Drive, 6MD) | Batting: SHB Manuel Hernández | 0-0: Ball 1-0: Ball 2-0: Ball 3-0: Called Strike 3-1: Base on Balls | Batting: RHB Bobby Santiago | 0-0: Ball 1-0: SINGLE (Flyball, 8RS) Manuel Hernández to second | Batting: RHB Júlio Gómez | 0-0: Ball 1-0: Grounds into double play, 4-6-3 (Groundball, 4) | Top of the 5th over - 0 runs, 1 hit, 0 errors, 1 left on base; Texas Tech 8 - Kansas State 2 | BOTTOM OF THE 5TH |
---|
Kansas State Wildcats batting - Pitching for Texas Tech Red Raiders : RHP Mike Ritter | Batting: RHB Don Prince | 0-0: Ball 1-0: Ball 2-0: Swinging Strike 2-1: Foul Ball, location: 2F 2-2: Foul Ball, location: 2F 2-2: Ground out 4-3 (Groundball, 4M) | Batting: RHB Jody Stewart | 0-0: Called Strike 0-1: Ball 1-1: Swinging Strike 1-2: Strikes out looking | Batting: RHB Fred Smith | 0-0: Ball 1-0: Fly out, F8 (Line Drive, 8LS) | Bottom of the 5th over - 0 runs, 0 hits, 0 errors, 0 left on base; Texas Tech 8 - Kansas State 2 | TOP OF THE 6TH |
---|
Texas Tech Red Raiders batting - Pitching for Kansas State Wildcats : RHP Roberto Colón | Batting: LHB Marshall Dunn | 0-0: Ball 1-0: Foul Ball, location: 2F 1-1: Foul Ball, location: 2F 1-2: Ball 2-2: Foul Ball, location: 2F 2-2: Ball 3-2: Ground out 4-3 (Groundball, 4M) | Batting: RHB Aaron Adams | 0-0: Ball 1-0: Called Strike 1-1: Foul Ball, location: 2F 1-2: Strikes out looking | Batting: LHB Kevin Hatcher | 0-0: Ball 1-0: Foul Ball, location: 2F 1-1: Called Strike 1-2: Foul Ball, location: 2F 1-2: Foul Ball, location: 2F 1-2: Foul Ball, location: 2F 1-2: Ball 2-2: Ball 3-2: Ground out 4-3 (Groundball, 4) | Top of the 6th over - 0 runs, 0 hits, 0 errors, 0 left on base; Texas Tech 8 - Kansas State 2 | BOTTOM OF THE 6TH |
---|
Kansas State Wildcats batting - Pitching for Texas Tech Red Raiders : RHP Mike Ritter | Pitching: RHP Benton Wilkerson | | Batting: RHB Jeff Moore | 0-0: SINGLE (Line Drive, 5D) | Batting: SHB Larry Edwards | 0-0: Swinging Strike 0-1: Fly out, F7 (Flyball, 78S) | Batting: RHB James Venables | 0-0: Ball 1-0: Swinging Strike 1-1: Foul Ball, location: 2F 1-2: Ball 2-2: 2-RUN HOME RUN (Flyball, 7LD), Distance : 338 ft | Pitching: RHP Jeff Smith | | Batting: LHB Tom Edwards | 0-0: Ball 1-0: Ground out 1-3 (Groundball, 13S) | Batting: RHB Steve Davenport | 0-0: Ball 1-0: Ball 2-0: Ball 3-0: Called Strike 3-1: Base on Balls | Batting: RHB Mario Ramírez | 0-0: Ball 1-0: Ball 2-0: Called Strike 2-1: Swinging Strike 2-2: Strikes out looking | Bottom of the 6th over - 2 runs, 2 hits, 0 errors, 1 left on base; Texas Tech 8 - Kansas State 4 | TOP OF THE 7TH |
---|
Texas Tech Red Raiders batting - Pitching for Kansas State Wildcats : RHP Roberto Colón | Batting: RHB Wayne Hanson | 0-0: Ball 1-0: Ball 2-0: Ball 3-0: Base on Balls | Batting: SHB Lee Oliver | 0-0: Foul Ball, location: 2F 0-1: SINGLE (Line Drive, 9S) Wayne Hanson to second | Batting: RHB Lorenzo Hernández | 0-0: Sac Bunt - play at first, batter OUT! 2-3 Wayne Hanson to third Lee Oliver to second | Batting: SHB Manuel Hernández | 0-0: Intentional Walk | Batting: RHB Bobby Santiago | 0-0: Foul Ball, location: 2F 0-1: Ball 1-1: Ball 2-1: Foul Ball, location: 2F 2-2: Ball 3-2: Base on Balls Wayne Hanson scores Lee Oliver to third Manuel Hernández to second | Pitching: RHP Manny López | | Batting: RHB Júlio Gómez | 0-0: Ball 1-0: Grounds into fielders choice 5-2 (Groundball, 56S) Manuel Hernández to third Bobby Santiago to second | Batting: LHB Marshall Dunn | 0-0: Called Strike 0-1: Hit by Pitch Manuel Hernández scores Bobby Santiago to third Júlio Gómez to second | Batting: RHB Aaron Adams | 0-0: Swinging Strike 0-1: Hit by Pitch Bobby Santiago scores Júlio Gómez to third Marshall Dunn to second | Batting: LHB Kevin Hatcher | 0-0: Called Strike 0-1: Called Strike 0-2: Foul Ball, location: 2F 0-2: Foul Ball, location: 2F 0-2: Ball 1-2: Ball 2-2: Ball 3-2: Foul Ball, location: 2F 3-2: Foul Ball, location: 2F 3-2: Fly out, F4 (Line Drive, 4M) | Top of the 7th over - 3 runs, 1 hit, 0 errors, 3 left on base; Texas Tech 11 - Kansas State 4 | BOTTOM OF THE 7TH |
---|
Kansas State Wildcats batting - Pitching for Texas Tech Red Raiders : RHP Jeff Smith | Batting: RHB Don Prince | 0-0: Swinging Strike 0-1: Ball 1-1: Ball 2-1: DOUBLE (Groundball, 5L) | Batting: RHB Jody Stewart | 0-0: Foul Ball, location: 2F 0-1: Called Strike 0-2: Strikes out swinging | Batting: RHB Fred Smith | 0-0: Ball 1-0: Ball 2-0: Called Strike 2-1: Swinging Strike 2-2: Ball 3-2: Strikes out swinging | Batting: RHB Jeff Moore | 0-0: Ball 1-0: Called Strike 1-1: Ball 2-1: Foul Ball, location: 2F 2-2: Strikes out swinging | Bottom of the 7th over - 0 runs, 1 hit, 0 errors, 1 left on base; Texas Tech 11 - Kansas State 4 | TOP OF THE 8TH |
---|
Texas Tech Red Raiders batting - Pitching for Kansas State Wildcats : RHP Manny López | Batting: RHB Wayne Hanson | 0-0: Foul Ball, location: 2F 0-1: Swinging Strike 0-2: SINGLE (Groundball, 56D) | Batting: SHB Lee Oliver | 0-0: Ball 1-0: Swinging Strike Balk! Wayne Hanson to second 1-1: Foul Ball, location: 2F 1-2: Ball 2-2: Ball 3-2: Ground out U3 (Groundball, 34S) Wayne Hanson to third | Batting: RHB Lorenzo Hernández | 0-0: Foul Ball, location: 2F 0-1: Foul Ball, location: 2F 0-2: Ground out 5-3 (Groundball, 56S) Wayne Hanson scores | Batting: SHB Manuel Hernández | 0-0: Ball 1-0: Ball 2-0: Ball 3-0: Called Strike 3-1: SINGLE (Groundball, 4) (infield hit) | Batting: RHB Bobby Santiago | 0-0: Called Strike 0-1: Called Strike 0-2: Ball 1-2: Foul Ball, location: 2F 1-2: Fielders Choice at 2nd, 6-4 (Groundball, 6) | Top of the 8th over - 1 run, 2 hits, 0 errors, 1 left on base; Texas Tech 12 - Kansas State 4 | BOTTOM OF THE 8TH |
---|
Kansas State Wildcats batting - Pitching for Texas Tech Red Raiders : RHP Jeff Smith | Batting: SHB Larry Edwards | 0-0: Ball 1-0: Ball 2-0: Foul Ball, location: 2F 2-1: Ball 3-1: Swinging Strike 3-2: Ground out 4-3 (Groundball, 4) | Batting: RHB James Venables | 0-0: Ball 1-0: Ball 2-0: Ball 3-0: Called Strike 3-1: Foul Ball, location: 2F 3-2: Base on Balls | Batting: LHB Tom Edwards | 0-0: SINGLE (Line Drive, 8LS) James Venables to second | Batting: RHB Steve Davenport | 0-0: Ball 1-0: Called Strike 1-1: Ball 2-1: Called Strike 2-2: Ball 3-2: Foul Ball, location: 2F 3-2: Strikes out swinging | Batting: RHB Mario Ramírez | 0-0: SINGLE (Line Drive, 56D) James Venables to third Tom Edwards to second Runner from 3rd tries for Home, throw and OUT! | Bottom of the 8th over - 0 runs, 2 hits, 0 errors, 2 left on base; Texas Tech 12 - Kansas State 4 | TOP OF THE 9TH |
---|
Texas Tech Red Raiders batting - Pitching for Kansas State Wildcats : RHP Manny López | Batting: RHB Júlio Gómez | 0-0: Swinging Strike 0-1: Ball 1-1: Reached on error, E3 (Groundball, 34) | Batting: LHB Marshall Dunn | 0-0: Called Strike 0-1: Foul Ball, location: 2F 0-2: SINGLE (Groundball, 3D) Júlio Gómez to second Runner from 2nd tries for 3rd, SAFE, throw made to third | Batting: RHB Aaron Adams | 0-0: Ball 1-0: Ball 2-0: Ball 3-0: Called Strike 3-1: Base on Balls Marshall Dunn to second | Batting: LHB Kevin Hatcher | 0-0: Ball 1-0: Called Strike 1-1: Ball Wild Pitch! Júlio Gómez scores Marshall Dunn to third Aaron Adams to second 2-1: Ball 3-1: Base on Balls | Batting: RHB Wayne Hanson | 0-0: Ball 1-0: Foul Ball, location: 2F 1-1: SINGLE (Groundball, 4D) Marshall Dunn scores Aaron Adams to third Kevin Hatcher to second | Pitching: LHP Adam Webb | | Batting: SHB Lee Oliver | 0-0: Fly out, F5 (Popup, 15S) | Batting: RHB Lorenzo Hernández | 0-0: Ball 1-0: Swinging Strike 1-1: Ball 2-1: Called Strike 2-2: Ball 3-2: Base on Balls Aaron Adams scores Kevin Hatcher to third Wayne Hanson to second | Batting: SHB Manuel Hernández | 0-0: Swinging Strike 0-1: Called Strike 0-2: Ball 1-2: Strikes out swinging | Batting: RHB Bobby Santiago | 0-0: Ball 1-0: Called Strike 1-1: Swinging Strike 1-2: Ball 2-2: Ball Wild Pitch! Kevin Hatcher scores Wayne Hanson to third Lorenzo Hernández to second 3-2: Strikes out swinging | Top of the 9th over - 4 runs, 2 hits, 1 error, 2 left on base; Texas Tech 16 - Kansas State 4 | BOTTOM OF THE 9TH |
---|
Kansas State Wildcats batting - Pitching for Texas Tech Red Raiders : RHP Jeff Smith | Batting: RHB Don Prince | 0-0: Foul Ball, location: 2F 0-1: Ball 1-1: Swinging Strike 1-2: Ball 2-2: Strikes out swinging | Batting: RHB Jody Stewart | 0-0: Ball 1-0: Ball 2-0: Fly out, F8 (Flyball, 8LS) | Batting: RHB Fred Smith | 0-0: Called Strike 0-1: Ball 1-1: Ball 2-1: Ball 3-1: Base on Balls | Batting: RHB Jeff Moore | 0-0: Ball 1-0: Swinging Strike 1-1: Called Strike 1-2: Strikes out looking | Bottom of the 9th over - 0 runs, 0 hits, 0 errors, 1 left on base; Texas Tech 16 - Kansas State 4 | |